Unix NetHack Version 5.0.0-0 post-release - last build Jun 10 2026 00:39:30 (3ee93aec679c4c4259841fe613dc97188e26a321,branch:main).

Game began 2026-06-20 15:37:17, ended 2026-06-20 18:41:04.

DeathOnAStick, neutral male human Wizard

                     -----                        ------------------------
     $               |..                               |           +    [|
      #   *          |..----------------------------   |-- ------------- |
     #####           |..|.....(.........*..........|   | ---      -----|"|
   *[#   #           |...............<.............|   ----       |   || |
   **    #           |.[|........[....[............---    |     --- ^ || |
         #           |.)|..)...(.....................|    |     |     || |
        $#           |..------------------------------  ---     |  ----| |
         #           |.%..     %          "            [|       |  |   |"|
         #           |..------------------------------ *------  |  |   | |
         #      ..   |..|     -----------------------|       |---  ----- |
         ####)....   |..|     |.....     ^    ))    *|-- ----|  "       )|
             *.| .   |..-------.|.-------------------- | |   ----  -------
           '@.^|     |..........|.---------------------| | { ----  -------
         ..e--------------------|....                  . |     !  *  ^  *|
       ............)............|.---------------------| --------------- |
      ......|.....................|                    | *           (   |
       ----------------------------                    -------------------
DeathOnAStick the Thaumaturge  St:13 Dx:15 Co:15 In:18 Wi:11 Ch:8  Neutral S:13080
Dlvl:11 $:820 HP:0(77) Pw:101(101) AC:0  Xp:9/2915 T:9479 

Latest messages:
 What do you want to use or apply? [cdfhjrwxzFMPZ or ?*] d
 In what direction do you want to dig? [hyknj>] <space>
 What do you want to use or apply? [cdfhjrwxzFMPZ or ?*] d
 In what direction do you want to dig? [hyknj>] j
 You start digging.
 You hit the rock with all your might.
 Fido drops a mummy wrapping.
 You succeed in cutting away some rock.
 What do you want to wield? [- abd or ?*] a
 a - a blessed +3 quarterstaff (weapon in hands).
 Fido picks up a mummy wrapping.
 y - a gray stone.
 Fido drops a mummy wrapping.
 y - a gray stone (2 in total).
 Fido picks up a green gem.
 You swap places with Fido.
 y - a gray stone (3 in total).
 You swap places with Fido.
 You hear bubbling water.
 What do you want to read? [pE or ?*] p
 As you read the scroll, it disappears.
 y - 3 uncursed luckstones.
 What do you want to wield? [- abd or ?*] a
 You are already wielding that!
 You attack thin air.
 What do you want to wield? [- abd or ?*] a
 You are already wielding that!
 You see here a dagger.
 Fido drops a green gem.
 You hit the floating eye!
 You are frozen by the floating eye's gaze!
 Fido suddenly disappears!
 The flesh golem hits!
 The flesh golem hits again!
 The flesh golem hits!
 The flesh golem hits again!
 The flesh golem hits!
 The flesh golem hits again!
 The flesh golem hits!
 The flesh golem hits again!
 The flesh golem hits!
 The flesh golem hits again!
 The flesh golem hits!
 The flesh golem hits again!
 You die...
 Do you want your possessions identified? [ynq] (y) y
 Do you want to see your attributes? [ynq] (y) y
 Do you want an account of creatures vanquished? [ynaq] (y) y
 Do you want to see your conduct and achievements? [ynq] (y) y
 Do you want to see the dungeon overview? [ynq] (y) y

Inventory:
 Coins    ('$')
  $ - 820 gold pieces
 Amulets  ('"')
  J - an uncursed amulet of guarding (being worn)
 Weapons  (')')
  b - the -1 Sting
  a - a blessed +3 quarterstaff (weapon in hands)
 Armor    ('[')
  V - a blessed +4 dwarvish iron helm (being worn)
  k - a blessed +0 pair of kicking boots (being worn)
  D - an uncursed +0 shield of reflection
  O - an uncursed +0 cloak of magic resistance (being worn)
  W - an uncursed +0 mummy wrapping
 Comestibles  ('%')
  R - 3 uncursed paddle cacti
  L - 2 uncursed randomfruits
  e - an uncursed carrot
  o - 5 uncursed food rations
  B - an uncursed melon
  U - an uncursed tripe ration
 Scrolls  ('?')
  E - a cursed scroll of create monster
 Potions  ('!')
  I - an uncursed potion of healing
  Y - a potion of holy water
 Rings    ('=')
  N - an uncursed ring of poison resistance
 Wands    ('/')
  f - a cursed wand of cancellation (0:4)
  r - a wand of digging (0:7)
  P - a wand of digging (0:7)
  j - a wand of digging (0:1)
  M - a wand of fire (0:1)
  Z - a wand of light (0:13)
  c - a wand of speed monster (0:6)
  F - a wand of speed monster (0:4)
  h - a wand of striking (0:4)
  w - a wand of teleportation (0:4)
 Tools    ('(')
  z - a cursed magic lamp (lit)
  d - a +0 pick-axe
  x - an uncursed skeleton key
 Gems/Stones  ('*')
  v - an uncursed worthless piece of black glass
  y - 3 uncursed luckstones

DeathOnAStick the Wizard's attributes:

Background:
 You were a Thaumaturge, a level 9 male human Wizard.
 You were neutral, on a mission for Thoth
 who was opposed by Ptah (lawful) and Anhur (chaotic).
 You were right-handed.
 You were in the Gnomish Mines, on level 11.
 You entered the dungeon 9479 turns ago.
 You had 2915 experience points, 2205 more were needed to attain level 10.
 Your score was 13080 before end-of-game adjustments.

Basics:
 You had 0 out of 77 hit points.
 You had all 101 energy points (spell power).
 Your armor class was 0.
 Your wallet contained 820 zorkmids.
 Autopickup was off.

Final Characteristics:
 Your strength was 13 (limit:18/100).
 Your dexterity was 15 (limit:18).
 Your constitution was 15 (limit:18).
 Your intelligence was 18 (limit:18).
 Your wisdom was 11 (limit:18).
 Your charisma was 8 (limit:18).

Final Status:
 You weren't hungry.
 You were unencumbered.
 You were wielding a quarterstaff.
 You had expert skill with quarterstaff.

Final Attributes:
 You were piously aligned.
 You were magic-protected.
 You were poison resistant.
 You were telepathic.
 You had a small defense bonus (+2).
 You were protected.
 You were fast.
 You were lucky.
 You had extra luck.
 Bad luck did not time out for you.
 Good luck did not time out for you.
 You are dead.

Miscellaneous:
 You didn't encounter any bones levels.
 Total elapsed playing time was 2 hours, 12 minutes and 55 seconds.

Major events:
 Turn
    1: DeathOnAStick the neutral male human Wizard entered the dungeon
 1060: attained the rank of Conjurer (level 3)
 1458: entered the Gnomish Mines
 4504: attained the rank of Thaumaturge (level 6)
 4757: reached Mine Town
 9134: chose a runed dagger to be named "Sting"
 9415: acquired the Mines' End luckstone
 9479: killed by a flesh golem, while frozen by a floating eye's gaze

Spells:
 Name                 Level Category     Fail Retention
 force bolt             1   attack         0%    (gone)
 detect food            2   divination     0%    (gone)
 clairvoyance           3   divination    78%  76%-100%

Skills:
 Fighting Skills
   bare handed combat [Unskilled]
   riding             [Unskilled]
 Weapon Skills
   dagger             [Unskilled]
   knife              [Unskilled]
   axe                [Unskilled]
   short sword        [Unskilled]
   club               [Unskilled]
   mace               [Unskilled]
   quarterstaff       [Expert]
   polearms           [Unskilled]
   spear              [Unskilled]
   trident            [Unskilled]
   sling              [Unskilled]
   dart               [Unskilled]
   shuriken           [Unskilled]
 Spellcasting Skills
   attack spells      [Basic]
   healing spells     [Unskilled]
   divination spells  [Unskilled]
   enchantment spells [Basic]
   clerical spells    [Unskilled]
   escape spells      [Unskilled]
   matter spells      [Unskilled]

Voluntary challenges:
 Character rerolling was not enabled.
 You never genocided any monsters.
 You never polymorphed an object.
 You never changed form.
 You used no wishes.
Achievements:
 You entered a shop.
 You attained the rank of Conjurer.
 You entered the Gnomish Mines.
 You attained the rank of Thaumaturge.
 You entered Minetown.
 You completed the Gnomish Mines.

 The Dungeons of Doom: levels 1 to 4
    Level 1:
       An altar to Thoth.
    Level 2:
       A potion shop, a sink.
    Level 3:
       A general store.
       Stairs down to The Gnomish Mines.
    Level 4:
       An altar, a fountain.
 The Gnomish Mines: levels 4 to 11
    Level 4:
    Level 5:
    Level 6:
       An altar, some fountains.
    Level 7:
    Level 8:
    Level 9:
    Level 10:
    Level 11: <- You were here.
       A fountain.
       Final resting place for
          you, killed by a flesh golem, while frozen by a floating eye's gaze.


Vanquished creatures:
  a queen bee
  a xan
  a tiger
  a dwarf ruler
  4 wolves
  a gremlin
  a leprechaun
  3 orc-captains
 an iron piercer
  4 giant spiders
  a black light
  2 gnome rulers
  2 dwarf leaders
  a gnome mummy
  a Woodland-elf
  2 bugbears
  a water nymph
  a mountain nymph
  2 Mordor orcs
  3 Uruk-hai
  6 orc shamans
  a rock piercer
  a rock mole
 11 gnome leaders
  5 gnomish wizards
  a kobold mummy
 an elf zombie
  a straw golem
  3 giant ants
  2 floating eyes
  a kitten
 17 dwarves
  2 homunculi
 18 hill orcs
  6 rothes
  a centipede
  5 giant bats
  a dwarf zombie
  a wererat
  4 iguanas
  2 acid blobs
  4 coyotes
  2 gas spores
  4 hobbits
  2 manes
  a large kobold
  2 hobgoblins
  3 orcs
  6 giant rats
  8 cave spiders
  3 yellow molds
  2 green molds
  2 red molds
 66 gnomes
  5 garter snakes
  a gnome zombie
  4 geckos
  2 jackals
  a fox
  3 kobolds
  4 goblins
  6 sewer rats
  7 grid bugs
 13 lichens
  5 newts
280 creatures vanquished.

No species were genocided or became extinct.

Game over:
                       ----------
                      /          \
                     /    REST    \
                    /      IN      \
                   /     PEACE      \
                  /                  \
                  |  DeathOnAStick   |
                  |      820 Au      |
                  |   killed by a    |
                  |   flesh golem    |
                  |                  |
                  |                  |
                  |       2026       |
                 *|     *  *  *      | *
        _________)/\\_//(\/(/\)/\//\/|_)_______

Goodbye DeathOnAStick the Wizard...

You died in The Gnomish Mines on dungeon level 11 with 12998 points,
and 820 pieces of gold, after 9479 moves.
You were level 9 with a maximum of 77 hit points when you died.

